 Dungeon Crawl Stone Soup version 0.27.1-4-g1640c2035a (webtiles) character file.

Game seed: 6975701868356966436

19 zeram the Sneak (level 2, -3/15 HPs)
             Began as a Deep Elf Enchanter on Nov 18, 2021.
             Slain by a kobold (4 damage)
             ... on level 1 of the Dungeon.
             The game lasted 00:01:09 (906 turns).

zeram the Sneak (Deep Elf Enchanter)                 Turns: 906, Time: 00:01:09

Health: -3/15      AC:  2    Str:  5    XL:     2   Next: 55%
Magic:  4/8        EV: 12    Int: 19    God:
Gold:   33         SH:  0    Dex: 15    Spells: 4/7 levels left

rFire    . . .     SeeInvis .   a - +1 dagger
rCold    . . .     Faith    .   (no shield)
rNeg     . . .     Spirit   .   b - +0 robe
rPois    .         Reflect  .   (no helmet)
rElec    .         Harm     .   (no cloak)
rCorr    .         Rampage  .   (no gloves)
Will     .....                  (no boots)
Stlth    +++.......             (no amulet)
HPRegen  0.05/turn              (no ring)
MPRegen  0.11/turn              (no ring)

@: no status effects
A: no striking features
a: no special abilities


You were on level 1 of the Dungeon.
You visited 1 branch of the dungeon, and saw 1 of its levels.

You collected 33 gold pieces.

Inventory:

Hand Weapons
 a - a +1 dagger (weapon)
Armour
 b - a +0 robe (worn)
Scrolls
 c - a scroll of torment {unknown}
 e - a scroll of vulnerability {unknown}
Potions
 d - a potion of curing {unknown}
 f - a potion of attraction {unknown}


   Skills:
 - Level 1.0 Short Blades
 - Level 2.4 Dodging
 + Level 5.0 Stealth
 - Level 3.0 Spellcasting
 - Level 4.0 Hexes


You had 4 spell levels left.
You knew the following spells:

 Your Spells              Type           Power      Damage    Failure   Level
a - Corona                Hex            20%        N/A       3%          1
b - Ensorcelled Hibernat  Hex/Ice        20%        N/A       10%         2

Your spell library contained the following spells:

 Spells                   Type           Power      Damage    Failure   Level
 Confusing Touch          Hex            18%        N/A       9%          3
 Tukima's Dance           Hex            18%        N/A       9%          3
 Dazzling Flash           Conj/Hex       20%        N/A       21%         3


Dungeon Overview and Level Annotations

Branches:
Dungeon (1/15)

Altars:


Message History

You see here a rat corpse.
You hit the ball python.
You kill the ball python!
You hit the giant cockroach but do no damage.
The giant cockroach bites you.
You hit the giant cockroach but do no damage.
The giant cockroach bites you but does no damage.
You hit the giant cockroach.
The giant cockroach is lightly wounded.
The giant cockroach barely misses you. The hobgoblin hits you.
You closely miss the giant cockroach.
The giant cockroach is lightly wounded.
The kobold hits you with a +0 short sword.
The giant cockroach misses you. The hobgoblin barely misses you.
You closely miss the giant cockroach.
The giant cockroach is lightly wounded.
The giant cockroach barely misses you.
The kobold hits you with a +0 short sword.
* * * LOW HITPOINT WARNING * * *
The hobgoblin hits you.
* * * LOW HITPOINT WARNING * * *
The giant cockroach misses you.
Casting: Corona (safe; 3% risk of failure)
Confirm with . or Enter, or press ? or * to list all spells.
Aiming: Ensorcelled Hibernation (safe; 10% risk of failure)
Press: ? - help, Shift-Dir - straight line, f - giant cockroach
Aim: a giant cockroach (lightly wounded, chance to affect: 59%)
The giant cockroach looks drowsy...
The helpless giant cockroach fails to defend itself.
You impale the giant cockroach!!
You kill the giant cockroach!
Your Stealth skill increases to level 5!
Casting: Ensorcelled Hibernation (safe; 10% risk of failure)
Confirm with . or Enter, or press ? or * to list all spells.
Aiming: Ensorcelled Hibernation (safe; 10% risk of failure)
Press: ? - help, Shift-Dir - straight line, f - kobold
Aim: a kobold, wielding a +0 short sword (chance to affect: 59%)
The kobold resists with significant effort.
The kobold hits you with a +0 short sword.
You die...

#### ####....# #
##.#.# # ###.#
### #.#
#+##PP### #.#
#.P≈≈♣..# #.#
#..≈♣≈♣.# #.#
##.#..≈#.#####.#
#.......gK@....#
.......#.#######
......††.#
##.......#
####.#### ##


You could see a hobgoblin and a kobold.

Vanquished Creatures
  A dart slug (D:1)
  4 ball pythons (D:1)
  3 endoplasms (D:1)
  2 giant cockroaches (D:1)
  A hobgoblin (D:1)
  A kobold (D:1)
  A bat (D:1)
  3 rats (D:1)
16 creatures vanquished.

Notes
Turn   | Place    | Note
-------+----------+-------------------------------------------
     0 | D:1      | zeram the Deep Elf Enchanter began the quest for the Orb.
     0 | D:1      | Reached XP level 1. HP: 10/10 MP: 6/6
   158 | D:1      | Reached skill level 4 in Stealth
   365 | D:1      | Reached XP level 2. HP: 4/15 MP: 8/8
   651 | D:1      | Learned a level 2 spell: Ensorcelled Hibernation
   767 | D:1      | Found a faded altar of an unknown god.
   906 | D:1      | Reached skill level 5 in Stealth
   906 | D:1      | Slain by a kobold

Illustrated notes

Levels and vault maps discovered:
D:1:      lightli_arrival_boilingwater, layout_loops_corners,
          shapermc_ecumenical_altar_gd, serial_bayou_pond_d

Skill      XL: |  1  2 |
---------------+-------+-----
Stealth        | 4 5 |  5.0
Short Blades   | |  1.0
Dodging        | |  2.4
Spellcasting   | |  3.0
Hexes          | |  4.0

Action                   || total
-------------------------++-------
Melee: Dagger            ||    37
 Cast: Corona            ||     2
       Ensorcelled Hiber ||     2
 Stab: Sleeping          ||    11
Armor: Robe              ||     4
Dodge: Dodged            ||    13
